 Dungeon Crawl Stone Soup version 0.22.1-1-ga44c0e5 (webtiles) character file.

6028 Lauz the Severer (level 10, -2/91 HPs)
             Began as a Minotaur Berserker on Nov 5, 2018.
             Was a High Priest of Trog.
             Slain by a troll (8 damage)
             ... on level 9 of the Dungeon.
             The game lasted 00:24:56 (9625 turns).

Lauz the Severer (Minotaur Berserker)               Turns: 9625, Time: 00:24:59

Health: -2/91      AC:  5    Str: 24    XL:     10   Next: 56%
Magic:  9/9        EV: 14    Int:  4    God:    Trog [*****.]
Gold:   669        SH:  0    Dex: 11    Spells: 9/9 levels left

rFire    . . .     SeeInvis .   M - +2 war axe (chop)
rCold    . . .     Gourm    +   (no shield)
rNeg     . . .     Faith    .   l - +2 robe {Archmagi}
rPois    .         Spirit   .   (helmet restricted)
rElec    .         Reflect  .   (no cloak)
rCorr    .         Harm     .   G - +0 pair of gloves
MR       .....                  (no boots)
Stlth    +.........             P - amulet of the gourmand
HPRegen  0.25/turn              e - ring of flight
MPRegen  0.11/turn              (no ring)

@: no status effects
A: retaliatory headbutt, horns 2
a: Berserk, Trog's Hand, Brothers in Arms, Renounce Religion, Evoke Flight


You were on level 9 of the Dungeon.
You worshipped Trog.
Trog was extremely pleased with you.
You were completely stuffed.

You visited 1 branch of the dungeon, and saw 9 of its levels.

You collected 669 gold pieces.

Inventory:

Hand Weapons
 a - a +0 hand axe
 t - a +0 blowgun
 J - a +0 war axe of electrocution
 M - a +2 war axe of chopping (weapon)
 Q - a +5 executioner's axe of chopping
Missiles
 k - 45 poisoned needles
 m - 8 javelins (quivered)
 L - 6 javelins of penetration
Armour
 b - a +0 animal skin
 l - a +2 robe of the Archmagi (worn)
 o - a +1 plate armour
 z - a +0 leather armour
 G - a +0 pair of gloves (worn)
 V - a +1 chain mail of fire resistance
Jewellery
 e - a ring of flight (left hand)
 P - an amulet of the gourmand (around neck)
 R - an uncursed ring of protection from magic {unknown}
Wands
 y - a wand of iceblast (11)
 E - a wand of enslavement (8)
 H - a wand of acid (7)
Scrolls
 d - a scroll of immolation
 f - 2 scrolls of fear
 g - 5 scrolls of identify
 i - 5 scrolls of teleportation
 j - 4 scrolls of enchant armour
 r - a scroll of blinking {unknown}
 s - a scroll of amnesia {unknown}
 D - 2 scrolls of summoning {unknown}
 K - 4 scrolls of vulnerability {unknown}
 N - a scroll of holy word {unknown}
 O - a scroll of enchant weapon {unknown}
 S - a scroll of remove curse
 T - a scroll of magic mapping
Potions
 h - 2 potions of berserk rage {unknown}
 n - a potion of cancellation {unknown}
 p - a potion of might {unknown}
 q - 2 potions of invisibility {unknown}
 u - a potion of curing {unknown}
 v - 3 potions of brilliance {unknown}
 w - 2 potions of haste {unknown}
 x - 2 potions of mutation {unknown}
 A - a potion of lignification {unknown}
 B - a potion of ambrosia {unknown}
 C - 5 potions of flight {unknown}
 F - 2 potions of heal wounds
 I - a potion of degeneration {unknown}
Comestibles
 c - 25 rations


   Skills:
 + Level 9.5 Fighting
 + Level 15.1 Axes
 * Level 5.1 Armour
 * Level 5.0 Dodging


You had 9 spell levels left.
You didn't know any spells.
Your spell library was empty.

Dungeon Overview and Level Annotations

Branches:
Dungeon (9/15)             Temple (0/1) D:6             Orc (0/2) D:9
   Lair: D:8-11

Altars:
Fedhas
Hepliaklqana
Kikubaaqudgha
Nemelex Xobeh
Wu Jian
Yredelemnul
Zin
The Shining One


Innate Abilities, Weirdness & Mutations

You reflexively headbutt those who attack you in melee.
You have a pair of horns on your head.


Message History

The troll completely misses you. The troll barely misses you.
The troll claws you.
You hit the troll.
The troll is severely wounded.
You slash the troll!
The troll is almost dead.
The troll bites you. The troll claws you. The troll misses you.
You hit the troll but do no damage. Your headbutt misses the troll.
The troll is almost dead.
The troll bites you! The troll claws you!
* * * LOW HITPOINT WARNING * * *
The troll misses you.
You hit the troll. Your headbutt misses the troll.
The troll is almost dead.
The troll bites you!
* * * LOW HITPOINT WARNING * * *
The troll claws you.
* * * LOW HITPOINT WARNING * * *
The troll claws you!
You die...

#....#...# .#...##..# .#
..#..[#..# ..#
..#...#..###########..##
..#...#..[.............#
..#...#.##+###.........#
..#...#.#....#.........#
.#...##.#....#.........#
#....#..#....#..@T.....#
....##..#'####.........#
...##..................#
####...................#
#.......................
.....<..................
###..<..................
..#.....................
..#...................


You could see a troll.

Vanquished Creatures
  A two-headed ogre (D:6)
  Pikel (D:6)
  Joseph (D:8)
  2 trolls (D:9)
  Prince Ribbit (D:8)
  A hippogriff (D:8)
  Sigmund (D:3)
  A wyvern (D:9)
  A water moccasin (D:6)
  2 phantoms (D:9)
  4 slaves (D:6)
  3 ice beasts
  A sky beast (D:7)
  2 black bears (D:8)
  2 orc warriors (D:7)
  An eye of draining (D:9)
  4 ogres
  3 centaurs
  Blork the orc (D:6)
  6 bullfrogs
  4 scorpions
  A howler monkey (D:9)
  4 crimson imps
  3 bullfrog zombies
  2 quasits
  5 orc priests
  A centaur skeleton (D:8)
  A jelly (D:7)
  A gnoll shaman (D:5)
  Jessica (D:2)
  An iguana (D:5)
  8 orc wizards
  Terence (D:3)
  3 worker ants
  A hound skeleton (D:4)
  8 adders
  5 gnolls (D:5)
  3 shadow imps
  5 oozes
  2 adder skeletons
  3 worms
  3 dart slugs
  4 leopard geckos
  21 orcs
  7 bats
  5 giant cockroaches
  6 goblins
  5 hobgoblins
  20 jackals
  7 kobolds
  3 quokkas
  A ball python (D:4)
  5 frilled lizards
  4 rats
193 creatures vanquished.

Notes
Turn   | Place    | Note
-------+----------+-------------------------------------------
     0 | D:1      | Lauz the Minotaur Berserker began the quest for the Orb.
     0 | D:1      | Reached XP level 1. HP: 19/19 MP: 0/0
    56 | D:1      | Reached skill level 4 in Axes
    63 | D:1      | Reached XP level 2. HP: 26/27 MP: 1/1
   835 | D:2      | Reached XP level 3. HP: 33/33 MP: 2/2
  1206 | D:2      | Reached skill level 5 in Axes
  1264 | D:2      | Reached ** piety under Trog
  1332 | D:2      | Noticed Jessica
  1343 | D:2      | Killed Jessica
  1343 | D:2      | Reached XP level 4. HP: 33/41 MP: 3/3
  1701 | D:3      | Found an ancient bone altar of Kikubaaqudgha.
  1947 | D:3      | Reached skill level 6 in Axes
  2081 | D:3      | Noticed Terence
  2091 | D:3      | Killed Terence
  2091 | D:3      | Reached XP level 5. HP: 34/47 MP: 4/4
  2280 | D:3      | Found a hazy altar of Hepliaklqana.
  2281 | D:3      | Found a basalt altar of Yredelemnul.
  2281 | D:3      | Found a sparkling altar of Nemelex Xobeh.
  2284 | D:3      | Found a glowing silver altar of Zin.
  2357 | D:3      | HP: 1/47 [orc wizard/dagger (3)]
  2371 | D:3      | Reached skill level 5 in Fighting
  2636 | D:3      | Noticed Sigmund
  2667 | D:3      | Killed Sigmund
  2667 | D:3      | Reached skill level 7 in Axes
  2667 | D:3      | Reached XP level 6. HP: 56/56 MP: 5/5
  2670 | D:3      | Reached *** piety under Trog
  3036 | D:4      | Reached skill level 8 in Axes
  3049 | D:4      | Reached XP level 7. HP: 35/62 MP: 6/6
  3538 | D:4      | Reached skill level 9 in Axes
  3792 | D:5      | Entered Level 5 of the Dungeon
  4319 | D:5      | Reached skill level 10 in Axes
  5036 | D:6      | Reached XP level 8. HP: 67/71 MP: 7/7
  5093 | D:6      | Reached skill level 11 in Axes
  5333 | D:6      | Noticed a two-headed ogre
  5474 | D:6      | Killed a two-headed ogre
  5474 | D:6      | Reached skill level 12 in Axes
  5474 | D:6      | Reached XP level 9. HP: 77/79 MP: 8/8
  5474 | D:6      | Noticed Blork the orc
  5600 | D:6      | Reached skill level 13 in Axes
  5730 | D:6      | Killed Blork the orc
  5730 | D:6      | Reached **** piety under Trog
  5735 | D:6      | Found a staircase to the Ecumenical Temple.
  5760 | D:6      | Noticed Pikel
  5971 | D:6      | Killed Pikel
  6225 | D:6      | Found an ornate altar of the Wu Jian Council.
  6332 | D:7      | Reached skill level 14 in Axes
  7173 | D:7      | Found a glowing golden altar of the Shining One.
  7504 | D:8      | Noticed Joseph
  7668 | D:8      | Killed Joseph
  7668 | D:8      | Reached XP level 10. HP: 62/90 MP: 9/9
  8177 | D:8      | Found a blossoming altar of Fedhas.
  8431 | D:8      | Reached ***** piety under Trog
  8552 | D:8      | Noticed Prince Ribbit
  8563 | D:8      | Killed Prince Ribbit
  8801 | D:9      | Received a gift from Trog
  9117 | D:9      | Found a staircase to the Orcish Mines.
  9296 | D:9      | Reached skill level 15 in Axes
  9296 | D:9      | Reached skill level 5 in Armour
  9359 | D:9      | Reached skill level 5 in Dodging
  9625 | D:9      | Slain by a troll

Skill      XL: |  1  2  3  4  5  6  7  8  9 10 |
---------------+-------------------------------+-----
Axes           | 4 5 6 7 8 10 12 14 15 | 15.1
Fighting       | 4 5 6 7 8 9 |  9.5
Armour         | 3 5 |  5.1
Dodging        | 3 5 |  5.0

Action                   |  1- 3 |  4- 6 |  7- 9 | 10-12 || total
-------------------------+-------+-------+-------+-------++-------
Melee: Hand axe          |    77 |   104 |   222 |       ||   403
       Headbutt          |     6 |    13 |    63 |    21 ||   103
       War axe           |       |       |    28 |   118 ||   146
Throw: Javelin           |       |       |       |    10 ||    10
Invok: Berserk           |       |     2 |     3 |       ||     5
  Use: Potion            |       |     3 |       |       ||     3
       Scroll            |       |       |    10 |     1 ||    11
 Stab: Sleeping          |     1 |     1 |     1 |       ||     3
  Eat: Chunk             |     1 |     7 |    13 |    16 ||    37
       Ration            |       |       |     2 |       ||     2
Armor: Animal skin       |     9 |    14 |     1 |       ||    24
       Leather armour    |       |       |    31 |       ||    31
       Robe              |       |       |    12 |    17 ||    29
Dodge: Dodged            |    48 |    67 |   112 |    65 ||   292
